Map: Base du roi Sejong EC

Players

TheFatKid - Winner!

  • Race: Protoss Protoss
  • Spawn Location: 5:00

zidar

  • Race: Zerg Zerg
  • League: Platinum
  • Spawn Location: 11:00

VOD

Have the link to the VOD?

Description

Time

  • Played on: Nov. 7, 2016, 10:42 a.m.
  • Length: 8:00
Show
View Real Time Build Order
Export as new Build Order

TheFatKid Protoss - Winner!

Build Orders: Cannon Rush 

Get SALT Encoding   

  12  0:01  Probe (Chrono Boost)  
  13  0:11  Probe (Chrono Boost)  
  14  0:19  Pylon  
  14  0:22  Probe (Chrono Boost)  
  15  0:37  Probe (Chrono Boost)  
  15  0:38  Forge  
  16  0:48  Probe (Chrono Boost)  
  17  0:58  Probe (Chrono Boost)  
  18  1:11  Pylon  
  18  1:15  Pylon  
  18  1:16  Pylon  
  18  1:20  Probe (Chrono Boost)  
  18  1:23  Pylon  
  19  1:30  Photon Cannon  
  19  1:38  Photon Cannon  
  19  1:49  Photon Cannon  
  19  1:51  Photon Cannon  
  19  2:01  Gateway  
  19  2:10  Nexus  
  19  2:16  Photon Cannon  
  19  2:18  Probe (Chrono Boost)  
  20  2:22  Assimilator  
  20  2:28  Probe (Chrono Boost)  
  21  2:41  Photon Cannon  
  21  2:42  Pylon  
  21  2:56  Probe (Chrono Boost)  
  21  2:57  Cybernetics Core  
  22  3:06  Probe (Chrono Boost)  
  23  3:13  Assimilator  
  23  3:17  Probe (Chrono Boost)  
  24  3:22  Photon Cannon  
  24  3:26  Probe (Chrono Boost)  
  25  3:33  Probe (Chrono Boost)  
  26  3:36  Probe (Chrono Boost)  
  27  3:43  Probe (Chrono Boost)  
  27  3:45  Photon Cannon  
  27  3:47  Probe (Chrono Boost)  
  29  3:54  Probe (Chrono Boost)  
  30  3:59  Warp Gate (Chrono Boost)  
  30  4:01  Mothership Core (Chrono Boost)  
  31  4:04  Probe (Chrono Boost)  
  31  4:06  Pylon  
  32  4:20  Robotics Facility  
  32  4:22  Probe (Chrono Boost)  
  33  4:25  Assimilator  
  33  4:26  Probe (Chrono Boost)  
  34  4:33  Probe (Chrono Boost)  
  34  4:36  Probe (Chrono Boost)  
  36  4:43  Probe (Chrono Boost)  
  37  4:47  Probe (Chrono Boost)  
  37  4:49  Photon Cannon  
  38  4:54  Probe (Chrono Boost)  
  38  4:59  Photon Cannon  
  39  5:06  Immortal (Chrono Boost)  
  39  5:12  Gateway  
  43  5:24  Stalker  
  43  5:26  Gateway  
  45  5:37  Immortal  
  45  5:40  Gateway  
  49  5:59  Photon Cannon  
  49  6:02  Photon Cannon  
  49  6:07  Stalker  
  51  6:15  Gateway  
  51  6:16  Stalker  
  51  6:17  Immortal, Pylon  
  57  6:38  Sentry  
  59  6:43  Stalker  
  61  6:51  Immortal  
  61  6:56  Photon Cannon  
  65  7:07  Stalker  
  65  7:08  Stalker  
  69  7:17  Probe x2  
  71  7:25  Stalker  
  71  7:26  Stalker x2  
  71  7:28  Observer  
  71  7:29  Probe  
  79  7:46  Sentry x2  
  79  7:49  Nexus  
Show
View Real Time Build Order
Export as new Build Order

zidar Zerg 

Build Orders: 3 Hatch before Pool 

Get SALT Encoding   

  12  0:01  Drone  
  13  0:12  Overlord  
  13  0:17  Drone  
  14  0:30  Drone x2  
  16  0:53  Drone  
  16  0:54  Hatchery  
  16  0:57  Extractor  
  16  1:48  Hatchery  
  15  2:12  Spawning Pool  
  14  2:39  Drone  
  14  2:40  Drone x2  
  17  3:02  Roach Warren  
  17  3:03  Queen  
  18  3:50  Roach x5  
  28  4:04  Overlord x3  
  28  4:19  Spine Crawler, Ravager  
  28  4:21  Queen  
  31  4:25  Ravager  
  31  4:31  Extractor  
  29  5:00  Ravager  
  30  5:08  Roach x2  
  34  5:36  Ravager  
  34  5:41  Roach  
  34  5:42  Roach  
  39  6:05  Ravager  
  39  6:10  Drone x6  
  46  6:28  Ravager  
  39  6:53  Zergling x2  
  39  6:54  Zergling x12  
  46  7:02  Overlord x3  
  46  7:37  Roach  
  46  7:38  Roach x2  
  46  7:39  Ravager  
Tags
 
Add a new tag
Caveats
  • Supply blocks, unpowered buildings, or Contaminate may cause inaccurate times.
  • Supply counts are checked every 10 seconds.